 Dungeon Crawl Stone Soup version 0.28.0-53-g5a82cb258f (webtiles) character file.

Game seed: 14931346807283470176

128 Revguard the Skirmisher (level 5, -3/41 HPs)
             Began as a Human Fighter on July 29, 2022.
             Slain by an ice beast (14 damage)
             ... on level 4 of the Dungeon.
             The game lasted 00:03:15 (1934 turns).

Revguard the Skirmisher (Human Fighter)             Turns: 1934, Time: 00:03:16

Health: -3/41      AC:  9    Str: 19    XL:     5   Next: 33%
Magic:  6/6        EV:  7    Int:  8    God:
Gold:   125        SH:  4    Dex: 12    Spells: 4/4 levels left

rFire   . . .      SeeInvis .   a - +0 long sword
rCold   . . .      Faith    .   c - +0 buckler
rNeg    . . .      Spirit   .   f - +0 chain mail
rPois   .          Reflect  .   (no helmet)
rElec   .          Harm     .   (no cloak)
rCorr   .          Rampage  .   (no gloves)
Will    .....                   (no boots)
Stlth   ..........              (no amulet)
HPRegen 0.13/turn               (no ring)
MPRegen 0.10/turn               (no ring)

@: no status effects
A: no striking features
a: no special abilities


You were on level 4 of the Dungeon.
You visited 1 branch of the dungeon, and saw 3 of its levels.

You collected 125 gold pieces.

Inventory:

Hand Weapons
 a - a +0 long sword (weapon)
Armour
 b - a +0 scale mail
 c - a +0 buckler (worn)
 f - a +0 chain mail (worn)
Jewellery
 i - a ring of fire
 m - a ring of fire
Scrolls
 e - a scroll of torment {unknown}
 g - 2 scrolls of identify {unknown}
 j - a scroll of immolation {unknown}
 k - a scroll of blinking {unknown}
 l - a scroll of silence {unknown}
Potions
 d - a potion of might
 h - a potion of heal wounds {unknown}


   Skills:
 + Level 3.4 Fighting
 * Level 2.9 Long Blades
 + Level 3.3 Armour
 + Level 1.0 Dodging
 + Level 3.3 Shields
 * Level 2.2 Invocations
 + Level 1.1 Evocations


You had 4 spell levels left.
You didn't know any spells.
Your spell library contained the following spells:

 Spells                   Type           Power      Damage    Failure   Level
 Gell's Gravitas          Tloc           0%         N/A       100%        3
 Lesser Beckoning         Tloc           0%         N/A       100%        3
 Teleport Other           Tloc           0%         N/A       100%        3


Dungeon Overview and Level Annotations

Branches:
Dungeon (2/15)

Altars:
Okawaru


Message History

You block the ice beast's attack.
You barely miss the ice beast.
The ice beast is moderately wounded.
The ice beast hits you but does no damage.
You barely miss the ice beast.
The ice beast is moderately wounded.
The ice beast hits you but does no damage.
You hit the ice beast.
The ice beast is heavily wounded.
The ice beast hits you but does no damage. x2
You hit the ice beast.
The ice beast is severely wounded.
The ice beast hits you. The ice beast freezes you!
You barely miss the ice beast.
The ice beast is severely wounded.
The ice beast hits you but does no damage.
You barely miss the ice beast.
The ice beast is severely wounded.
The ice beast hits you but does no damage.
The ice beast barely misses you.
You closely miss the ice beast.
The ice beast is severely wounded.
The ice beast hits you but does no damage.
You hit the ice beast.
The ice beast is severely wounded.
The ice beast hits you but does no damage.
You hit the ice beast.
The ice beast is almost dead.
The ice beast misses you.
You closely miss the ice beast.
The ice beast is almost dead.
The ice beast hits you. The ice beast freezes you!
* * * LOW HITPOINT WARNING * * *
You block the ice beast's attack.
You barely miss the ice beast.
The ice beast is almost dead.
The ice beast hits you.
* * * LOW HITPOINT WARNING * * *
The ice beast freezes you!
You die...

.. .........
#.##.........
..#.........
#.#......... #
#.#........ .. #.
#..........
...##.######.Y...#
.....#..........@...#
.................$..#
≈≈≈≈≈≈≈........#....#
..≈≈≈≈≈≈.......#....#
8...._≈≈.......#..?.#
..≈≈≈≈≈≈.......##...#
≈≈≈≈≈≈≈........###..#
...............# .>#
######.........# #.#


You could see an ice beast.

Vanquished Creatures
  Natasha (twice) (D:2)
  3 adders (D:2)
  A worm (D:2)
  2 dart slugs
  4 ball pythons
  7 endoplasms
  A giant cockroach (D:1)
  3 goblins
  2 hobgoblins
  2 bats
  3 frilled lizards
  2 kobolds
  3 rats
35 creatures vanquished.

Vanquished Creatures (others)
  Natasha (D:2)
1 creature vanquished.

Grand Total: 36 creatures vanquished

Notes
Turn   | Place    | Note
-------+----------+-------------------------------------------
     0 | D:1      | Revguard the Human Fighter began the quest for the Orb.
     0 | D:1      | Reached XP level 1. HP: 18/18 MP: 1/1
   119 | D:1      | Reached XP level 2. HP: 20/24 MP: 2/2
   476 | D:1      | Reached skill level 1 in Invocations
   787 | D:2      | Reached XP level 3. HP: 20/29 MP: 3/3
  1026 | D:2      | Noticed Natasha
  1036 | D:2      | Killed Natasha
  1037 | D:2      | Reached XP level 4. HP: 10/35 MP: 5/5
  1467 | D:2      | Noticed Natasha
  1475 | D:2      | Killed Natasha
  1478 | D:2      | Noticed Natasha
  1485 | D:2      | Killed Natasha
  1486 | D:2      | Reached skill level 1 in Dodging
  1486 | D:2      | Reached skill level 1 in Evocations
  1486 | D:2      | Reached XP level 5. HP: 16/41 MP: 6/6
  1889 | D:2      | You fall into a shaft and drop 2 floors!
  1889 | D:4      | Found an iron altar of Okawaru.
  1916 | D:4      | Noticed an ice beast
  1934 | D:4      | Slain by an ice beast

Illustrated notes

Levels and vault maps discovered:
D:1:      ncdulo_watergridlock, layout_rooms, minmay_box_of_dots
D:2:      layout_loops_cross, uniq_natasha
D:4:      layout_basic, mainiacjoe_overflow_catwalk,
          nicolae_overflow_hidden_temple, nicolae_vehumet_radiance,
          minmay_temple_entry_large_hall

Skill      XL: |  1  2  3  4 |
---------------+-------------+-----
Invocations    | 1 2 |  2.2
Dodging        | 1 |  1.0
Evocations     | 1 |  1.1
Fighting       | |  3.4
Long Blades    | |  2.9
Armour         | |  3.3
Shields        | |  3.3

Action                   |  1- 3 |  4- 6 || total
-------------------------+-------+-------++-------
Melee: Long sword        |    74 |    52 ||   126
Armor: Scale mail        |     1 |       ||     1
       Chain mail        |    49 |    34 ||    83
Dodge: Dodged            |    23 |    23 ||    46
Block: Buckler           |    22 |    10 ||    32
